 Dungeon Crawl Stone Soup version 0.28.0-62-gf88900778d (webtiles) character file.

Game seed: 10925031758936411649

8722 Annie the Carver (level 11, -6/103 HPs)
             Began as a Deep Dwarf Berserker on Aug 18, 2023.
             Was a Priest of Trog.
             Mangled by a two-headed ogre
             ... wielding a +0 giant club
              (25 damage)
             ... on level 10 of the Dungeon.
             The game lasted 00:49:29 (7792 turns).

Annie the Carver (Deep Dwarf Berserker)             Turns: 7792, Time: 00:49:30

Health: -6/103     AC: 10    Str: 21    XL:     11   Next: 13%
Magic:  13/13 (4)  EV: 14    Int:  5    God:    Trog [***...]
Gold:   361        SH:  4    Dex: 16    Spells: 10/10 levels left

rFire   x . .      SeeInvis .   v - +3 falchion of Welukk {vorpal, rElec rPois rC+ rCorr}
rCold   + + .      Faith    .   L - +0 buckler
rNeg    . . .      Spirit   .   G - +2 leather armour of Hysteria {+Blink rPois Regen+ Stlth-}
rPois   +          Reflect  .   (no helmet)
rElec   +          Harm     .   h - scarf {+Inv}
rCorr   +          Rampage  .   d - +0 pair of gloves
Will    +....                   H - +2 pair of boots
Stlth   +.........              (no amulet)
HPRegen 0.00/turn               t - ring of flight
MPRegen 0.13/turn               F - ring "Zueff" {Ice rElec rCorr MP+9 Int-3}

@: flying
A: damage resistance, heal wounds, sense surroundings 2, no regeneration
a: Heal Wounds, Renounce Religion, Evoke Blink, Evoke Invisibility, Berserk,
Trog's Hand


You were on level 10 of the Dungeon.
You worshipped Trog.
Trog was most pleased with you.
You visited 2 branches of the dungeon, and saw 11 of its levels.

You collected 634 gold pieces.
You spent 273 gold pieces at shops.

Inventory:

Hand Weapons
 p - a +3 spectral flail
 v - the +3 falchion of Welukk (weapon) {vorpal, rElec rPois rC+ rCorr}
   (You found it on level 5 of the Dungeon)

   It inflicts extra damage upon your enemies.
   rC:        It protects you from cold.
   rElec:     It insulates you from electricity.
   rPois:     It protects you from poison.
   rCorr:     It protects you from acid and corrosion.
 A - a +1 vorpal dire flail
 C - a +2 flail of draining
 E - the +5 spear of Dissent {chaos, Int+4}
   (You found it on level 7 of the Dungeon)

   Each time it hits an enemy it has a different, random effect.
   Int:       It affects your intelligence (+4).
 I - a +2 vorpal hand axe
Missiles
 l - 183 stones (quivered)
 T - 2 throwing nets
Armour
 d - a +0 pair of gloves (worn)
 f - a +0 cloak
 h - a scarf of invisibility (worn)
 j - a +0 chain mail
 G - the +2 leather armour of Hysteria (worn) {+Blink rPois Regen+ Stlth-}
   (You bought it in a shop on level 7 of the Dungeon)

   rPois:     It protects you from poison.
   +Blink:    It lets you blink.
   Regen:     It increases your rate of health regeneration.
   Stlth:     It makes you less stealthy.
 H - a +2 pair of boots (worn)
 L - a +0 buckler (worn)
 V - a +0 leather armour of poison resistance
Jewellery
 t - a ring of flight (left hand)
 F - the ring "Zueff" (right hand) {Ice rElec rCorr MP+9 Int-3}
   (You bought it in a shop on level 7 of the Dungeon)

   [ring of ice]

   It enhances your ice magic.
   Int:       It affects your intelligence (-3).
   rF:        It makes you vulnerable to fire.
   rC:        It protects you from cold.
   rElec:     It insulates you from electricity.
   MP:        It affects your magic capacity (+9).
   rCorr:     It protects you from acid and corrosion.
 J - a +6 ring of intelligence
 R - a ring of willpower
Wands
 k - a wand of flame (25)
 y - a wand of polymorph (16)
 O - a wand of iceblast (11)
Scrolls
 b - 4 scrolls of fog
 c - 3 scrolls of summoning
 e - 4 scrolls of enchant weapon
 g - 2 scrolls of vulnerability {unknown}
 i - 2 scrolls of immolation
 m - 3 scrolls of identify
 o - a scroll of enchant armour {unknown}
 q - a scroll of torment
 r - a scroll of fear {unknown}
 D - 2 scrolls of brand weapon
 K - 3 scrolls of holy word {unknown}
 M - a scroll of blinking {unknown}
 N - a scroll of noise {unknown}
 P - a scroll of teleportation
 S - a scroll of magic mapping {unknown}
Potions
 a - 2 potions of berserk rage
 n - 4 potions of haste
 s - 3 potions of attraction
 u - a potion of might
 w - 2 potions of cancellation
 x - a potion of invisibility {unknown}
 z - a potion of ambrosia {unknown}
 B - a potion of mutation {unknown}
 Q - a potion of degeneration {unknown}
 U - a potion of lignification {unknown}


   Skills:
 + Level 8.0 Fighting
 + Level 9.3 Long Blades
 + Level 7.5 Maces & Flails
 + Level 2.7 Throwing
 + Level 8.3 Armour
 + Level 6.1 Dodging
 + Level 2.1 Stealth
 + Level 2.2 Shields
 + Level 1.6 Evocations


You had 10 spell levels left.
You didn't know any spells.
Your spell library was empty.

Dungeon Overview and Level Annotations

Branches:
Dungeon (10/15)            Temple (0/1) D:7            Lair (1/6) D:9
    Orc: D:9-12

Altars:
Fedhas
Gozag
Kikubaaqudgha
Zin

Shops:
D:4 [   D:5 (   D:7 *

Annotations:
D:2 1 runed translucent door, Crazy Yiuf


Innate Abilities, Weirdness & Mutations

You are resistant to damage.
You can heal yourself by infusing magical energy.
You passively map the area around you.
You do not regenerate.


Message History

Okay, then.
Throw: 187 stones
Press: ? - help, Q - select action, (/) - cycle Shift-Dir - straight line, f - two-headed ogre
Aim: a two-headed ogre, wielding a +0 giant club and a +0 giant spiked club (78% to hit)
You throw a stone.
The stone hits the two-headed ogre but does no damage.
Throw: 186 stones
Press: ? - help, Q - select action, (/) - cycle Shift-Dir - straight line, f/p - two-headed ogre
Aim: a two-headed ogre, wielding a +0 giant club and a +0 giant spiked club (78% to hit)
You throw a stone.
The stone hits the two-headed ogre but does no damage.
Throw: 185 stones
Press: ? - help, Q - select action, (/) - cycle Shift-Dir - straight line, f/p - two-headed ogre
Aim: a two-headed ogre, wielding a +0 giant club and a +0 giant spiked club (78% to hit)
You throw a stone.
The stone hits the two-headed ogre but does no damage.
Throw: 184 stones
Press: ? - help, Q - select action, (/) - cycle Shift-Dir - straight line, f/p - two-headed ogre
Aim: a two-headed ogre, wielding a +0 giant club and a +0 giant spiked club (78% to hit)
You throw a stone.
The stone barely misses the two-headed ogre.
You slash the two-headed ogre!
The two-headed ogre is lightly wounded.
The two-headed ogre hits you with a +0 giant club!!
The two-headed ogre hits you with a +0 giant spiked club!
You hit the two-headed ogre.
The two-headed ogre is lightly wounded.
You hit the two-headed ogre.
The two-headed ogre is moderately wounded.
The two-headed ogre hits you with a +0 giant club!
The two-headed ogre hits you with a +0 giant spiked club!
You slash the two-headed ogre!
The two-headed ogre is heavily wounded.
The two-headed ogre hits you with a +0 giant club!!
* * * LOW HITPOINT WARNING * * *
The two-headed ogre closely misses you.
You barely miss the two-headed ogre.
The two-headed ogre is heavily wounded.
The two-headed ogre hits you with a +0 giant club!!
You die...

, , ####'#####......# * *
#........+....... , , * *
*#..##....#....... ,
########........#....... ,
.......#........#....... ,
*,.......#........#..)....
* .......#........########
* .......####+####........
* ((((..O@.......#........
** ,
,...<...........#.######.
, *####+####......#.# #. *
* * , #......'.# #. *,, ,
#......#.# #. , * , ,,
,,#......#.######. ,,
,#......#........ , +,
,,,,#..##.
#......#######.. , ,*,
+......#.......'....#..


You could see a two-headed ogre.

Vanquished Creatures
  Harold (D:10)
  A centaur warrior (D:10)
  A two-headed ogre (D:9)
  Pikel (D:4)
  A cane toad (Lair:1)
  Sigmund (D:2)
  2 wyverns
  Eustachio (D:6)
  A shadow (D:10)
  A basilisk (Lair:1)
  8 yaks
  3 wargs (D:9)
  Edmund (D:6)
  2 water moccasins
  Duvessa (D:4)
  An ice beast (D:6)
  5 orc warriors
  A necrophage (D:6)
  3 ogres
  2 centaurs
  2 lemures
  A bullfrog (D:7)
  Blork the orc (D:6)
  A gnoll sergeant (D:5)
  3 scorpions
  Dowan (D:4)
  A water moccasin skeleton (D:7)
  6 killer bees (D:9)
  3 howler monkeys
  3 centaur zombies
  4 jellies
  5 orc priests
  A bullfrog zombie (D:6)
  4 hounds
  A bullfrog skeleton (D:5)
  An iguana (D:3)
  9 orc wizards
  2 howler monkey zombies
  18 gnolls
  2 howler monkey skeletons
  8 adders
  A shadow imp (D:6)
  A white imp (D:7)
  3 ufetubi
  3 worms
  4 dart slugs
  41 orcs
  12 endoplasms
  3 giant cockroaches
  8 goblins
  8 hobgoblins
  3 jackals (D:1)
  2 quokkas
  6 ball pythons
  5 bats
  4 frilled lizards
  6 kobolds
  A quokka skeleton (D:4)
  3 rats
229 creatures vanquished.

Vanquished Creatures (collateral kills)
  An orc (D:9)
1 creature vanquished.

Vanquished Creatures (others)
  2 plants (D:9)
2 creatures vanquished.

Grand Total: 232 creatures vanquished

Notes
Turn   | Place    | Note
-------+----------+-------------------------------------------
     0 | D:1      | Annie the Deep Dwarf Berserker began the quest for the Orb.
     0 | D:1      | Reached XP level 1. HP: 20/20 MP: 1/1
   216 | D:1      | Found a faded altar of an unknown god.
   373 | D:1      | Reached XP level 2. HP: 22/27 MP: 2/2
   964 | D:2      | Reached XP level 3. HP: 34/34 MP: 3/3
   990 | D:2      | Reached XP level 4. HP: 35/42 MP: 4/4
  1029 | D:2      | Noticed Sigmund
  1060 | D:2      | Killed Sigmund
  1061 | D:2      | Reached XP level 5. HP: 14/50 MP: 5/5
  1187 | D:2      | Reached ** piety under Trog
  1528 | D:2      | Found a runed translucent door.
  1529 | D:2      | Noticed Crazy Yiuf
  1605 | D:3      | Reached skill level 1 in Stealth
  1723 | D:3      | Reached XP level 6. HP: 42/57 MP: 5/5
  1941 | D:3      | Reached skill level 5 in Maces & Flails
  2490 | D:4      | Found a blossoming altar of Fedhas.
  2618 | D:4      | Noticed Pikel
  2650 | D:4      | Killed Pikel
  2651 | D:4      | Reached skill level 5 in Armour
  2651 | D:4      | Reached XP level 7. HP: 66/66 MP: 6/6
  2843 | D:4      | Reached skill level 1 in Throwing
  2957 | D:4      | Found Iply's Armour Shop.
  3033 | D:4      | Noticed Dowan
  3042 | D:4      | Reached *** piety under Trog
  3044 | D:4      | Noticed Duvessa
  3054 | D:4      | Killed Duvessa
  3055 | D:4      | Reached XP level 8. HP: 51/73 MP: 7/7
  3062 | D:4      | Killed Dowan
  3277 | D:5      | Entered Level 5 of the Dungeon
  3306 | D:5      | Identified the +3 falchion of Welukk {vorpal, rElec rPois
                  | rC+ rCorr}
  3370 | D:5      | Found Qeychoj's Antique Weapon Boutique.
  3618 | D:5      | Reached skill level 5 in Fighting
  3618 | D:5      | Reached skill level 1 in Long Blades
  3725 | D:5      | Reached skill level 2 in Long Blades
  4129 | D:5      | Reached skill level 3 in Long Blades
  4212 | D:6      | Noticed Eustachio
  4225 | D:6      | Killed Eustachio
  4249 | D:6      | Noticed Edmund
  4261 | D:6      | Killed Edmund
  4262 | D:6      | Reached skill level 4 in Long Blades
  4262 | D:6      | Gained mutation: You passively map the area around you.
                  | [Deep Dwarf growth]
  4262 | D:6      | Reached XP level 9. HP: 61/82 MP: 7/7
  4414 | D:6      | Reached skill level 5 in Long Blades
  4568 | D:6      | Noticed Blork the orc
  4589 | D:6      | Killed Blork the orc
  4790 | D:6      | Reached skill level 1 in Evocations
  4948 | D:6      | Reached skill level 6 in Long Blades
  5028 | D:7      | Found Ilud's Assorted Antiques.
  5030 | D:7      | Identified the +5 spear of Dissent {chaos, Int+4}
  5058 | D:7      | Bought a scroll labelled XIVUIL DEFIA for 21 gold pieces
  5058 | D:7      | Bought a steaming granite ring for 105 gold pieces
  5058 | D:7      | Identified the ring "Zueff" {Ice rElec rCorr MP+9 Int-3}
                  | (You bought it in a shop on level 7 of the Dungeon)
  5058 | D:7      | Bought a warped leather armour for 147 gold pieces
  5058 | D:7      | Identified the +2 leather armour of Hysteria {+Blink rPois
                  | Regen+ Stlth-} (You bought it in a shop on level 7 of the
                  | Dungeon)
  5242 | D:7      | Found an ancient bone altar of Kikubaaqudgha.
  5244 | D:7      | Found a glowing silver altar of Zin.
  5506 | D:7      | Found a staircase to the Ecumenical Temple.
  5744 | D:8      | Reached XP level 10. HP: 45/92 MP: 7/7
  6000 | D:8      | Reached skill level 7 in Long Blades
  6309 | D:9      | Noticed a two-headed ogre
  6321 | D:9      | Killed a two-headed ogre
  6322 | D:9      | Reached skill level 8 in Long Blades
  6526 | D:9      | Reached skill level 1 in Shields
  6528 | D:9      | Reached skill level 5 in Dodging
  6598 | D:9      | Found a staircase to the Lair.
  6889 | Lair:1   | Entered Level 1 of the Lair of Beasts
  6947 | Lair:1   | Noticed a cane toad
  6962 | Lair:1   | Killed a cane toad
  7115 | D:10     | Entered Level 10 of the Dungeon
  7319 | D:10     | Noticed Harold
  7331 | D:10     | Killed Harold
  7332 | D:10     | Reached skill level 9 in Long Blades
  7332 | D:10     | Reached XP level 11. HP: 54/103 MP: 5/5
  7418 | D:10     | Noticed a centaur warrior
  7436 | D:10     | Killed a centaur warrior
  7522 | D:10     | HP: 5/103 [wyvern (13)]
  7636 | D:10     | Found an opulent altar of Gozag.
  7783 | D:10     | Noticed a two-headed ogre
  7792 | D:10     | Mangled by a two-headed ogre

Illustrated notes

Levels and vault maps discovered:
D:1:      nagdon_arrival_double_spiral, layout_loops_corners,
          hellmonk_ecumenical_altar_arch_garden, minmay_ruptured
D:2:      layout_loops_cross, uniq_sigmund, uniq_crazy_yiuf_cottage
D:3:      minmay_bubble_buster, layout_loops_ring
D:4:      nicolae_cairo_tiling, layout_rooms, fedhas_altar_2, serial_shops,
          shop_statue, minmay_misc_feat_enclosed, grunt_ministairs_1,
          uniq_duvessa, uniq_pikel
D:5:      layout_basic, serial_shops, nicolae_diamond_shop,
          kennysheep_generic_room_6
D:6:      layout_loops_ring, uniq_blork_the_orc, uniq_edmund, uniq_eustachio
D:7:      layout_cave_pools, mainiacjoe_overflow_catwalk_spiral,
          minmay_temple_entry_junction, serial_shops, shop
D:8:      layout_rooms
D:9:      layout_rooms, erik_lair_orcish_takeover
D:10:     layout_stronghold, nicolae_overflow_hidden_temple, uniq_harold
Lair:1:   layout_regular_city, nicolae_volcano_entry_lava_flow,
          infiniplex_staircase_pool_2

Skill      XL: |  1  2  3  4  5  6  7  8  9 10 11 |
---------------+----------------------------------+-----
Fighting       | 3 4 5 6 7 8 |  8.0
Maces & Flails | 4 6 7 |  7.5
Armour         | 3 5 6 8 |  8.3
Dodging        | 3 4 6 |  6.1
Stealth        | 1 2 |  2.1
Throwing       | 1 2 |  2.7
Long Blades    | 4 6 9 |  9.3
Evocations     | 1 |  1.6
Shields        | 2 |  2.2

Action                   |  1- 3 |  4- 6 |  7- 9 | 10-12 || total
-------------------------+-------+-------+-------+-------++-------
Melee: Mace              |    62 |   177 |       |       ||   239
       Punch             |     1 |     6 |     8 |       ||    15
       Flail             |       |    27 |    70 |       ||    97
       Falchion          |       |       |   266 |   268 ||   534
Throw: Stone             |       |    29 |    43 |    52 ||   124
Invok: Berserk           |     1 |     5 |     9 |     5 ||    20
       Trog's Hand       |       |     1 |     5 |     9 ||    15
 Abil: Heal Wounds       |     1 |     7 |    10 |    10 ||    28
       Evoke Blink       |       |       |       |     2 ||     2
Evoke: Wand              |       |       |    12 |       ||    12
  Use: Potion            |     3 |     2 |     2 |     3 ||    10
       Scroll            |       |       |     7 |     5 ||    12
Armor: Animal skin       |     3 |       |       |       ||     3
       Chain mail        |    25 |   136 |   163 |       ||   324
       Leather armour    |       |       |    22 |   127 ||   149
Dodge: Dodged            |    35 |   126 |   202 |   235 ||   598
Block: Buckler           |       |       |       |    73 ||    73
